[Event "Polish University-ch Women 2024"]
[Site "Lublin"]
[Date "2024.02.23"]
[Round "2.4"]
[White "Wikar, Martyna"]
[Black "Pisarek, Elzbieta"]
[Result "1-0"]
[ECO "B50"]
[WhiteElo "2214"]
[BlackElo "1754"]
[Annotator "RC"]
[PlyCount "49"]
[EventDate "2024.02.22"]
[EventType "swiss"]
[EventCountry "POL"]
[SourceTitle "playchess.com"]
[Source "ChessBase"]
[SourceQuality "1"]
[TimeControl "600+3"]

1. e4 c5 2. Nf3 d6 3. Bc4 Nc6 4. O-O Nf6 5. d3 g6 6. c3 Bg7 7. Bb3 O-O 8. Re1 e6 9. Nbd2 a6 10. Nf1 b5 11. d4 cxd4 12. cxd4 d5 13. e5 Nd7 14. h4 h5 15. Bg5 Qb6 16. Qd2 a5 17. Ng3 Bb7 18. Bh6 Qd8 19. Bc2 Rc8 20. Bb1 b4 21. Nxh5 gxh5 22. Qd3 f5 23. exf6 Nxf6 24. Bxg7 Kxg7 25. Ng5 1-0

[Event "Polish University-ch Women 2024"]
[Site "Lublin"]
[Date "2024.02.23"]
[Round "2.5"]
[White "Michalak, Wiktoria"]
[Black "Kubicka, Anna"]
[Result "0-1"]
[ECO "A05"]
[WhiteElo "1522"]
[BlackElo "2278"]
[Annotator "TA"]
[PlyCount "50"]
[EventDate "2024.02.22"]
[EventType "swiss"]
[EventCountry "POL"]
[SourceTitle "playchess.com"]
[Source "ChessBase"]
[SourceQuality "1"]
[TimeControl "600+3"]

1. Nf3 Nf6 2. b3 g6 3. Bb2 Bg7 4. d3 O-O 5. e4 d5 6. e5 Nfd7 7. Be2 c5 {[%emt 0:00:08] Black converts the advantage convincingly.} 8. d4 {[%emt 0:01:38] Black is better.} cxd4 9. Qxd4 e6 10. Qf4 Nc6 11. c4 dxc4 {[%emt 0:00:23][%cal Od7e5] And now ...Ndxe5! would win.} 12. Bxc4 {[%emt 0:00:10] [#]} (12. O-O $142) 12... Ndxe5 $1 $17 13. Nxe5 Nxe5 14. Bc3 Nd3+ 15. Bxd3 Qxd3 16. Bxg7 Kxg7 17. Nd2 b6 {[%emt 0:00:51] Active counter play!} 18. Ne4 $2 (18. Qe5+ $17 f6 19. Qc7+ Rf7 20. Qc4 Qxc4 21. Nxc4) 18... Ba6 $19 19. Qe3 {[%emt 0:00:52] Dodges Qe2+. White is weak on the light squares} Rfd8 $40 {[%emt 0:01:18][%mdl 128] [#] ...Qb5 is the strong threat. Black goes for the king.} 20. Rc1 $2 (20. Qxd3 Bxd3 21. f3) 20... Rac8 {[%emt 0:00:24] ( -> ...Rxc1+). Black is clearly winning.} 21. Ra1 Qxe3+ (21... Qc2 $142 22. f3 Qb2 (22... Qxg2 $2 23. Nf2 $19)) 22. fxe3 Rc2 23. Ng3 {[%emt 0:00:13] Prevents Re2+.} Rxg2 24. Rd1 Rxd1+ 25. Kxd1 Rxa2 {[%emt 0:00:01] Weighted Error Value: White=1.04/Black=0.44.  Mistake:       	White=3     	---        Inaccurate:     	White=2     	---        OK:         	White=4     	Black=8      Best:        	White=1     	Black=2} 0-1

[Event "Polish University-ch Women 2024"]
[Site "Lublin"]
[Date "2024.02.23"]
[Round "2.6"]
[White "Kucharska, Honorata"]
[Black "Polak, Sylwia"]
[Result "1-0"]
[ECO "C00"]
[WhiteElo "2137"]
[BlackElo "1565"]
[Annotator "NA RC"]
[PlyCount "71"]
[EventDate "2024.02.22"]
[EventType "swiss"]
[EventCountry "POL"]
[SourceTitle "playchess.com"]
[Source "ChessBase"]
[SourceQuality "1"]
[TimeControl "600+3"]

1. e4 e6 2. d3 d5 3. Nd2 Nc6 4. Ngf3 Nf6 5. g3 dxe4 6. dxe4 Bc5 7. h3 e5 8. Bg2 O-O 9. O-O a5 10. Qe2 Qe7 11. c3 a4 12. Nh4 g6 13. Nc4 b6 14. Bh6 Re8 15. b4 axb3 16. axb3 Ba6 17. Bg5 Qe6 18. Bxf6 Qxf6 19. b4 Bf8 20. Rxa6 Rxa6 21. b5 Ra4 22. bxc6 Qxc6 23. Ne3 Qxc3 24. Qb5 Rea8 25. Nd5 Qc2 26. Nf6+ Kh8 27. Qxe5 Bg7 28. Qf4 Ra1 29. e5 Rxf1+ 30. Bxf1 Ra4 31. Qe3 Ra2 32. Qd4 Ra8 33. Nf3 Qc6 34. Ng5 Rf8 35. Ngxh7 Ra8 36. Qh4 1-0

[Event "Polish University-ch Women 2024"]
[Site "Lublin"]
[Date "2024.02.23"]
[Round "2.7"]
[White "Lascar, Radoslawa"]
[Black "Jarocka, Liwia"]
[Result "0-1"]
[ECO "A35"]
[WhiteElo "1804"]
[BlackElo "2199"]
[Annotator "RC"]
[PlyCount "55"]
[EventDate "2024.02.22"]
[EventType "swiss"]
[EventCountry "POL"]
[SourceTitle "playchess.com"]
[Source "ChessBase"]
[SourceQuality "1"]
[TimeControl "600+3"]

1. e4 c6 2. c4 d5 3. exd5 cxd5 4. cxd5 Nf6 5. d4 g6 6. Nf3 Bg7 7. Nc3 O-O 8. Be2 Nxd5 9. O-O Nc6 10. Be3 b6 11. Qc1 Nxe3 12. fxe3 Bb7 13. Rd1 Rc8 14. Qd2 e6 15. e4 Na5 16. b3 Qe7 17. Rac1 Rfd8 18. Qe3 Qf8 19. g4 Qe7 20. Nb5 a6 21. Nc3 Nc6 22. Na4 Nxd4 23. Rxc8 Nxe2+ 24. Qxe2 Bxc8 25. Kf1 b5 26. Nc3 Bxc3 27. Rxd8+ Qxd8 28. Qc2 0-1

[Event "Polish University-ch Women 2024"]
[Site "Lublin"]
[Date "2024.02.23"]
[Round "2.8"]
[White "Jankowska, Julia"]
[Black "Cieslak, Wiktoria"]
[Result "0-1"]
[ECO "E16"]
[WhiteElo "1767"]
[BlackElo "1868"]
[Annotator "NA"]
[PlyCount "68"]
[EventDate "2024.02.22"]
[EventType "swiss"]
[EventCountry "POL"]
[SourceTitle "playchess.com"]
[Source "ChessBase"]
[SourceQuality "1"]
[TimeControl "600+3"]

1. d4 Nf6 2. c4 e6 3. Nf3 b6 4. g3 Bb7 5. Bg2 Bb4+ 6. Nbd2 O-O 7. O-O Bxd2 8. Bxd2 c5 9. b3 d6 10. Bc3 Qe7 11. Re1 Nbd7 12. Qc1 Rfe8 13. Rd1 Rac8 14. Bb2 h6 15. dxc5 Nxc5 16. Bxf6 Qxf6 17. Rxd6 Red8 18. Rxd8+ Rxd8 19. Qe1 Rd7 20. Rd1 Qb2 21. Rxd7 Nxd7 22. Qd2 Qb1+ 23. Bf1 Nf6 24. Qd8+ Kh7 25. Qd3+ Be4 26. Qxb1 Bxb1 27. a3 Ba2 28. b4 Bxc4 29. Ne5 Bb5 30. Nxf7 Ne4 31. Nd8 Bc4 32. Nc6 a6 33. Nd4 Nd2 34. e3 Nxf1 0-1

[Event "Polish University-ch Women 2024"]
[Site "Lublin"]
[Date "2024.02.23"]
[Round "2.9"]
[White "Harazinska, Magdalena"]
[Black "Hampel, Anna"]
[Result "1-0"]
[ECO "D36"]
[WhiteElo "1950"]
[BlackElo "1697"]
[Annotator "NA"]
[PlyCount "89"]
[EventDate "2024.02.22"]
[EventType "swiss"]
[EventCountry "POL"]
[SourceTitle "playchess.com"]
[Source "ChessBase"]
[SourceQuality "1"]
[TimeControl "600+3"]

1. d4 Nf6 2. c4 d5 3. Nc3 e6 4. cxd5 exd5 5. Bg5 c6 6. Qc2 Be7 7. e3 Nbd7 8. Bd3 O-O 9. Nge2 h6 10. Bh4 Re8 11. f3 b5 12. O-O Bb7 13. a3 a5 14. Bf2 Rc8 15. Qd2 b4 16. axb4 axb4 17. Na4 c5 18. dxc5 Nxc5 19. Nxc5 Bxc5 20. Nd4 Qb6 21. Rfc1 Nd7 22. Bf5 Rc7 23. Bxd7 Rxd7 24. b3 Rde7 25. Re1 Ba6 26. Nc2 Qc6 27. Nxb4 Bxb4 28. Qxb4 Rb7 29. Qa3 Bd3 30. Rac1 Qb5 31. Rc3 Bg6 32. Rec1 Qe2 33. h3 Bh5 34. Qa4 Re6 35. Qa8+ Kh7 36. Qxb7 Bxf3 37. R3c2 Qd3 38. gxf3 Rg6+ 39. Kh2 Qf5 40. f4 Qe4 41. Bg1 Qf3 42. Qxf7 Rg3 43. Qf5+ Rg6 44. b4 d4 45. exd4 1-0

[Event "Polish University-ch Women 2024"]
[Site "Lublin"]
[Date "2024.02.23"]
[Round "2.10"]
[White "Sloniewska, Alicja"]
[Black "Parol, Pola"]
[Result "1-0"]
[ECO "E46"]
[WhiteElo "1685"]
[BlackElo "2030"]
[Annotator "NA"]
[PlyCount "75"]
[EventDate "2024.02.22"]
[EventType "swiss"]
[EventCountry "POL"]
[SourceTitle "playchess.com"]
[Source "ChessBase"]
[SourceQuality "1"]
[TimeControl "600+3"]

1. d4 Nf6 2. c4 e6 3. Nc3 Bb4 4. e3 O-O 5. Nge2 d5 6. a3 Be7 7. Nf4 c5 8. dxc5 Bxc5 9. cxd5 exd5 10. Nfxd5 Nxd5 11. Qxd5 Qa5 12. Bd3 Nd7 13. O-O Nf6 14. Qf3 Qc7 15. e4 Bg4 16. Qg3 Bd6 17. f4 Bc5+ 18. Kh1 Bd7 19. h3 Bc6 20. Qh4 Be7 21. Qg3 Rfd8 22. Bc2 Bc5 23. e5 Nd5 24. Nxd5 Bxd5 25. Qh4 g6 26. Bd1 Bc4 27. Re1 Qb6 28. f5 Rd4 29. Qh6 Bf8 30. Qg5 Rad8 31. fxg6 Qxg6 32. Bf3 Qxg5 33. Bxg5 Rb8 34. Rad1 Rxd1 35. Rxd1 Be6 36. Be4 Bc5 37. Rd3 Kg7 38. Bf6+ 1-0

[Event "Polish University-ch Women 2024"]
[Site "Lublin"]
[Date "2024.02.23"]
[Round "3.1"]
[White "Sliwicka, Alicja"]
[Black "Trybowska, Barbara"]
[Result "1-0"]
[ECO "B01"]
[WhiteElo "2309"]
[BlackElo "1859"]
[Annotator "RC"]
[PlyCount "71"]
[EventDate "2024.02.22"]
[EventType "swiss"]
[EventCountry "POL"]
[SourceTitle "playchess.com"]
[Source "ChessBase"]
[SourceQuality "1"]
[TimeControl "600+3"]

1. e4 d5 2. exd5 Nf6 3. Bb5+ Nbd7 4. c4 a6 5. Ba4 b5 6. cxb5 Bb7 7. Nc3 Nxd5 8. Nf3 axb5 9. Bxb5 c6 10. Be2 e6 11. Nxd5 cxd5 12. O-O Bd6 13. d4 h6 14. Bd3 O-O 15. Qe2 Qb6 16. Be3 f5 17. Bd2 Rae8 18. Bc3 g5 19. a4 g4 20. Ne5 Bxe5 21. dxe5 d4 22. Bd2 Kh7 23. b4 Qc6 24. f3 gxf3 25. Rxf3 Rg8 26. Raf1 Qxa4 27. Rg3 Rxg3 28. hxg3 Qc6 29. Rf2 Rg8 30. g4 Qd5 31. gxf5 Nxe5 32. fxe6+ Kh8 33. e7 Nf3+ 34. Rxf3 Qxf3 35. Qe5+ Rg7 36. e8=Q+ 1-0

[Event "Polish University-ch Women 2024"]
[Site "Lublin"]
[Date "2024.02.23"]
[Round "3.2"]
[White "Adamczyk, Zuzanna"]
[Black "Antolak, Julia"]
[Result "0-1"]
[ECO "B63"]
[WhiteElo "1970"]
[BlackElo "2309"]
[Annotator "TA"]
[PlyCount "44"]
[EventDate "2024.02.22"]
[EventType "swiss"]
[EventCountry "POL"]
[SourceTitle "playchess.com"]
[Source "ChessBase"]
[SourceQuality "1"]
[TimeControl "600+3"]

1. e4 c5 2. Nf3 e6 3. d4 cxd4 4. Nxd4 Nf6 5. Nc3 d6 6. Bg5 Be7 7. Qd2 Nc6 8. Nxc6 bxc6 9. O-O-O Rb8 10. f3 {[%emt 0:01:09] The position is equal.} O-O 11. Bc4 d5 12. Bb3 Bb7 13. exd5 cxd5 14. h4 Rc8 15. a3 Nd7 16. Kb1 Nc5 17. Ba2 Re8 18. Ka1 Qb6 19. Bxe7 Rxe7 20. Rhe1 Rb8 21. Rb1 Rc7 22. Qe3 $2 {[%emt 0:00:07][%mdl 8192] [#]} ({White should play} 22. Ne2 $15) 22... d4 $1 {[%emt 0:00:12][%mdl 512] Weighted Error Value: White=0.50/Black=0.19 (very precise) .  Loses game:     	White=1     	---        Inaccurate:     	White=4     	Black=3      OK:         	White=6     	Black=3      Brilliant:      	---       	Black=1} 0-1

[Event "Polish University-ch Women 2024"]
[Site "Lublin"]
[Date "2024.02.23"]
[Round "3.3"]
[White "Czarnecka, Lidia"]
[Black "Skiba, Aleksandra"]
[Result "1-0"]
[ECO "B32"]
[WhiteElo "2034"]
[BlackElo "1931"]
[Annotator "NA RC"]
[PlyCount "83"]
[EventDate "2024.02.22"]
[EventType "swiss"]
[EventCountry "POL"]
[SourceTitle "playchess.com"]
[Source "ChessBase"]
[SourceQuality "1"]
[TimeControl "600+3"]

1. e4 c5 2. Nf3 Nc6 3. d4 cxd4 4. Nxd4 e5 5. Nb5 d6 6. c4 Be6 7. Be3 Be7 8. N1c3 a6 9. Na3 Nf6 10. Be2 O-O 11. O-O Rc8 12. f3 Ne8 13. Qd2 f5 14. exf5 Bxf5 15. Rad1 Bf6 16. Nd5 Nd4 17. Nxf6+ Qxf6 18. Bxd4 exd4 19. Qxd4 Qxd4+ 20. Rxd4 Rc5 21. Rfd1 Be6 22. Nb1 Rf6 23. Nc3 Re5 24. Ne4 Rf8 25. Bf1 h6 26. Nxd6 Nxd6 27. Rxd6 Bf7 28. b3 b5 29. cxb5 axb5 30. Kf2 Rc5 31. R1d2 Be8 32. Bd3 Bf7 33. Be4 Be8 34. Rd8 Bf7 35. Rxf8+ Kxf8 36. Ke3 Ke7 37. Kd4 Rc7 38. Rc2 Ra7 39. Kc5 Be8 40. Kb6 Rd7 41. Bc6 Rd6 42. Re2+ 1-0

[Event "Polish University-ch Women 2024"]
[Site "Lublin"]
[Date "2024.02.23"]
[Round "3.4"]
[White "Zarebska, Lena"]
[Black "Wikar, Martyna"]
[Result "0-1"]
[ECO "B32"]
[WhiteElo "1871"]
[BlackElo "2214"]
[Annotator "RC"]
[PlyCount "78"]
[EventDate "2024.02.22"]
[EventType "swiss"]
[EventCountry "POL"]
[SourceTitle "playchess.com"]
[Source "ChessBase"]
[SourceQuality "1"]
[TimeControl "600+3"]

1. e4 c5 2. Nf3 Nc6 3. d4 cxd4 4. Nxd4 e5 5. Nb5 d6 6. c4 Be6 7. N1c3 a6 8. Na3 Nf6 9. Bd3 g6 10. Nd5 Bg7 11. O-O Nd7 12. Be3 O-O 13. Nc2 Nc5 14. Bxc5 dxc5 15. a3 Rc8 16. Qe2 Kh8 17. b4 Nd4 18. Nxd4 exd4 19. Rab1 b6 20. bxc5 bxc5 21. Rb7 Qa5 22. Qb2 Rcd8 23. Nc7 Bc8 24. Rb6 f5 25. exf5 Bxf5 26. Bxf5 Rxf5 27. Ne6 Rg8 28. Rb7 Rf6 29. Ng5 h6 30. Nf7+ Kh7 31. Qb3 Rf8 32. Nxh6 Rxf2 33. Rb1 Qd2 34. Ng4 Rxg2+ 35. Kh1 Kg8 36. Qh3 Re2 37. Rxg7+ Kxg7 38. Rg1 Qf4 39. Qh4 Qf3+ 0-1

[Event "Polish University-ch Women 2024"]
[Site "Lublin"]
[Date "2024.02.23"]
[Round "3.5"]
[White "Kubicka, Anna"]
[Black "Kulpa, Zuzanna"]
[Result "0-1"]
[ECO "C97"]
[WhiteElo "2278"]
[BlackElo "1924"]
[Annotator "TA"]
[PlyCount "122"]
[EventDate "2024.02.22"]
[EventType "swiss"]
[EventCountry "POL"]
[SourceTitle "playchess.com"]
[Source "ChessBase"]
[SourceQuality "1"]
[TimeControl "600+3"]

1. e4 e5 2. Nf3 Nc6 3. Bb5 a6 4. Ba4 Nf6 5. O-O Be7 6. Re1 b5 7. Bb3 d6 8. c3 O-O 9. h3 Na5 10. Bc2 c5 11. d4 Qc7 12. d5 Bd7 13. b3 Rfc8 14. Nbd2 c4 15. b4 {[%emt 0:00:02] White is slightly better.} Nb7 16. a3 a5 17. Bb2 Bf8 18. Nf1 g6 19. Ng3 Bg7 20. Qd2 Rf8 21. Rad1 h6 22. Bc1 Nh7 23. Qe2 axb4 24. axb4 Ra2 25. Nh2 f5 (25... Rfa8 $11) 26. exf5 $14 Bxf5 27. Nxf5 gxf5 28. Be3 ({White should try} 28. g4 $14) 28... Kh8 $2 (28... Nf6 $11) 29. Ra1 $16 Rfa8 30. Rxa2 Rxa2 31. Qd1 e4 32. Bb1 Ra1 33. Bd4 (33. Qd2 $16) 33... Nd8 (33... Bxd4 $11 34. Qxd4+ Qg7) 34. Nf1 {[%emt 0:00:22] Strongly threatening Ng3.} Bxd4 35. Qxd4+ Qg7 36. Qd2 (36. Qxg7+ $16 Kxg7 37. Ng3) 36... Nf7 37. Ng3 Qf6 {[%emt 0:00:07] [#]} (37... Ne5 $11) 38. Rf1 ({Only move:} 38. f4 $1 $16) 38... Ra3 39. Rc1 ({Less strong is} 39. Qf4 Rxc3 40. Nxf5 (40. Qxf5 Qxf5 41. Nxf5 Nf6 $11) 40... Nhg5 $16) 39... Ne5 40. Qd4 $2 {[%emt 0:00:00][%mdl 8192] Now White is beyond hope.} (40. Qf4 $11 {and White stays safe.}) 40... Nd3 $19 41. Qxf6+ $2 (41. Rf1 Qxd4 (41... Rxc3 42. Nxf5 Qxd4 43. Nxd4 $11) 42. cxd4) 41... Nxf6 42. Bxd3 cxd3 {[%emt 0:00:03][%mdl 4096] Endgame. KRN-KRN} 43. Nf1 Nxd5 44. c4 bxc4 45. Rxc4 Ra1 46. Rd4 Nc3 {[%emt 0:00:02] [#] aiming for ...Ne2+.} 47. Rxd6 Ne2+ 48. Kh2 Rxf1 {[%emt 0:00:01] KRN-KR} 49. b5 Rb1 50. f3 Rxb5 {[%emt 0:00:01] ...Rb2 is the strong threat.} 51. fxe4 fxe4 {[%emt 0:00:01] Black mates.} 52. Rxh6+ Kg7 53. Re6 d2 54. Rd6 Rb2 55. g4 e3 56. Kg2 Rb1 57. Rd7+ Kf8 58. Kf3 Ng1+ 59. Kxe3 d1=Q 60. Rxd1 Rxd1 61. h4 Nh3 {[%emt 0:00:27] Weighted Error Value: White=0.79/Black=0.24 (precise) .  Loses game:     	White=1     	---        Mistake:       	White=5     	Black=4      Inaccurate:     	White=4     	Black=1      OK:         	White=7     	Black=9      Best:        	White=2     	Black=3} 0-1

[Event "Polish University-ch Women 2024"]
[Site "Lublin"]
[Date "2024.02.23"]
[Round "3.6"]
[White "Michalska, Aleksandra"]
[Black "Kucharska, Honorata"]
[Result "1-0"]
[ECO "B23"]
[WhiteElo "1812"]
[BlackElo "2137"]
[Annotator "NA RC"]
[PlyCount "139"]
[EventDate "2024.02.22"]
[EventType "swiss"]
[EventCountry "POL"]
[SourceTitle "playchess.com"]
[Source "ChessBase"]
[SourceQuality "1"]
[TimeControl "600+3"]

1. e4 c5 2. Nc3 Nc6 3. Bb5 e6 4. Bxc6 bxc6 5. f4 d5 6. d3 d4 7. Nce2 Nf6 8. b3 Be7 9. Nf3 O-O 10. h3 Nd7 11. O-O a5 12. a4 Nf6 13. Bd2 Qc7 14. Qe1 Nd7 15. Ng3 Kh8 16. e5 f5 17. exf6 Nxf6 18. Ne5 Bd7 19. Ne4 Nxe4 20. Qxe4 Bf6 21. Rae1 Be8 22. g4 Kg8 23. g5 Be7 24. Kg2 Bd6 25. Rf3 Rf5 26. Nc4 Bf7 27. h4 g6 28. Ref1 Bf8 29. Qe1 e5 30. Nxe5 Bd5 31. Nc4 Bg7 32. Kg3 Bxf3 33. Rxf3 Raf8 34. Qe6+ Kh8 35. Bxa5 Qb8 36. Bd2 Qc7 37. Qd6 Qc8 38. Qe7 Re8 39. Qa7 Qe6 40. Rf2 Rf7 41. Qxc5 Rf5 42. Qd6 Qf7 43. Qxc6 Qf8 44. Qd6 Rd8 45. Qxf8+ Bxf8 46. a5 Ra8 47. Nb6 Ra6 48. Nd7 Bd6 49. Nf6 h6 50. Ne4 Bc7 51. b4 hxg5 52. hxg5 Kg7 53. Kg4 Ra8 54. Nc5 Bd6 55. Ne6+ Kg8 56. Nxd4 Rf7 57. c4 Bc7 58. Ne6 Bd6 59. c5 Bf8 60. Nxf8 Rfxf8 61. Rf3 Rfd8 62. Bc3 Rd5 63. d4 Kf7 64. f5 gxf5+ 65. Rxf5+ Ke6 66. Rf6+ Ke7 67. b5 Rg8 68. Rf5 Rdd8 69. Re5+ Kf7 70. a6 1-0

[Event "Polish University-ch Women 2024"]
[Site "Lublin"]
[Date "2024.02.23"]
[Round "3.7"]
[White "Jarocka, Liwia"]
[Black "Sloniewska, Alicja"]
[Result "1-0"]
[ECO "B12"]
[WhiteElo "2199"]
[BlackElo "1685"]
[Annotator "RC"]
[PlyCount "93"]
[EventDate "2024.02.22"]
[EventType "swiss"]
[EventCountry "POL"]
[SourceTitle "playchess.com"]
[Source "ChessBase"]
[SourceQuality "1"]
[TimeControl "600+3"]

1. e4 c6 2. d4 d5 3. f3 Qb6 4. Nc3 e6 5. e5 c5 6. f4 cxd4 7. Nb5 Nc6 8. Nf3 Bc5 9. a3 a6 10. b4 axb5 11. bxc5 Qxc5 12. Bb2 Ra4 13. Bd3 Nge7 14. O-O Bd7 15. Qe2 Na5 16. Rfb1 Nec6 17. Qf2 Nc4 18. Bc1 Ra5 19. c3 Qe7 20. cxd4 Nxa3 21. Bxa3 Rxa3 22. Bxb5 O-O 23. Rxa3 Qxa3 24. h3 Qa5 25. Bd3 Nb4 26. Bxh7+ Kxh7 27. Qh4+ Kg8 28. Qe7 Nc6 29. Qxd7 Qc3 30. Rd1 Qe3+ 31. Kh1 Qb3 32. Re1 Qb4 33. Rd1 Qb3 34. Rg1 Qb4 35. f5 exf5 36. Qxd5 Rd8 37. Qa2 Nxd4 38. Nxd4 Qxd4 39. e6 fxe6 40. Qxe6+ Kh8 41. Qxf5 Qf6 42. Qh5+ Kg8 43. Qe2 b6 44. Qc4+ Kh8 45. Rf1 Qe5 46. Qh4+ Kg8 47. Qxd8+ 1-0

[Event "Polish University-ch Women 2024"]
[Site "Lublin"]
[Date "2024.02.23"]
[Round "3.8"]
[White "Cieslak, Wiktoria"]
[Black "Shaban, Aliaksandra"]
[Result "0-1"]
[ECO "B03"]
[WhiteElo "1868"]
[BlackElo "1708"]
[Annotator "NA"]
[PlyCount "98"]
[EventDate "2024.02.22"]
[EventType "swiss"]
[EventCountry "POL"]
[SourceTitle "playchess.com"]
[Source "ChessBase"]
[SourceQuality "1"]
[TimeControl "600+3"]

1. e4 Nf6 2. e5 Nd5 3. d4 d6 4. f4 g6 5. Nf3 Bg7 6. c4 Nb6 7. Be2 dxe5 8. fxe5 Bf5 9. Nc3 O-O 10. O-O c6 11. Bf4 Re8 12. Rc1 N8d7 13. Nh4 Nf8 14. Nxf5 gxf5 15. d5 Ng6 16. b3 Bxe5 17. Bxe5 Nxe5 18. Rxf5 Ng6 19. dxc6 bxc6 20. Bf3 Rc8 21. Rc5 Nd7 22. Rxc6 Rxc6 23. Bxc6 Qb6+ 24. Kh1 Qxc6 25. Nd5 Nb6 26. Ne3 Qe4 27. Qd2 e6 28. a4 Qc6 29. a5 Nd7 30. b4 Nf6 31. Qd4 Qe4 32. Qxa7 Ra8 33. Qb6 Nd7 34. Qd6 Qxe3 35. Rd1 Nf6 36. c5 Qe4 37. c6 Nf4 38. Rg1 Rc8 39. c7 Ne8 40. Qd8 Qb7 41. Qg5+ Ng6 42. b5 Qxc7 43. b6 Qb7 44. Qb5 Nd6 45. Qb4 Nf5 46. Ra1 Ne3 47. Qd2 Rc2 48. Qd8+ Kg7 49. Qd4+ e5 0-1

[Event "Polish University-ch Women 2024"]
[Site "Lublin"]
[Date "2024.02.23"]
[Round "3.9"]
[White "Furtak, Joanna"]
[Black "Harazinska, Magdalena"]
[Result "1/2-1/2"]
[ECO "B90"]
[WhiteElo "1883"]
[BlackElo "1950"]
[Annotator "NA"]
[PlyCount "96"]
[EventDate "2024.02.22"]
[EventType "swiss"]
[EventCountry "POL"]
[SourceTitle "playchess.com"]
[Source "ChessBase"]
[SourceQuality "1"]
[TimeControl "600+3"]

1. e4 c5 2. Nf3 d6 3. d4 cxd4 4. Nxd4 Nf6 5. Nc3 a6 6. Nb3 e6 7. Be3 Qc7 8. g4 b5 9. g5 Nfd7 10. f4 Bb7 11. Bg2 Be7 12. O-O Nc6 13. Ne2 O-O 14. Ng3 Rfe8 15. Rc1 Nb6 16. Nd2 Na4 17. Rb1 Nb6 18. Rc1 d5 19. Qg4 Rad8 20. c3 Nc4 21. Nxc4 dxc4 22. Rfd1 Rxd1+ 23. Rxd1 Rd8 24. h4 b4 25. Qe2 Rxd1+ 26. Qxd1 Qd8 27. Qxd8+ Bxd8 28. Bf1 bxc3 29. bxc3 Ba5 30. Bxc4 Bxc3 31. f5 Ne5 32. Bb3 Nf3+ 33. Kf2 Nxh4 34. fxe6 fxe6 35. Bxe6+ Kf8 36. Bc5+ Ke8 37. Bd5 Bxd5 38. exd5 Bd2 39. Ne4 Bf4 40. Bd6 Bxd6 41. Nxd6+ Kd7 42. Ne4 a5 43. Nc5+ Kd6 44. Nb7+ Kxd5 45. Nxa5 Nf5 46. Kf3 Nd4+ 47. Kg4 Ne6 48. Nb3 h6 1/2-1/2

[Event "Polish University-ch Women 2024"]
[Site "Lublin"]
[Date "2024.02.23"]
[Round "3.10"]
[White "Giefert, Sara"]
[Black "Czarniecka, Aleksandra"]
[Result "0-1"]
[ECO "D00"]
[WhiteElo "1704"]
[BlackElo "1961"]
[Annotator "NA RC"]
[PlyCount "137"]
[EventDate "2024.02.22"]
[EventType "swiss"]
[EventCountry "POL"]
[SourceTitle "playchess.com"]
[Source "ChessBase"]
[SourceQuality "1"]
[TimeControl "600+3"]

1. d4 d5 2. Bg5 g6 3. e3 Bg7 4. Bd3 Nf6 5. Nd2 O-O 6. f4 c5 7. c3 cxd4 8. exd4 h6 9. Bh4 Qd6 10. Bg3 Nh5 11. Qf3 Nxg3 12. hxg3 Qe6+ 13. Qe2 Qxe2+ 14. Kxe2 Bg4+ 15. Kf2 Nd7 16. Ngf3 h5 17. Rae1 e6 18. Nh2 Nf6 19. Ndf3 Bxf3 20. gxf3 Rfc8 21. g4 Rab8 22. f5 exf5 23. gxf5 g5 24. Nf1 Re8 25. Ne3 Bh6 26. Nc2 Kg7 27. Re5 g4 28. Bb5 Rh8 29. Re7 Bf4 30. fxg4 hxg4 31. Ree1 Ne4+ 32. Kg2 Kf6 33. Nb4 Kxf5 34. Nxd5 Nd2 35. Bd7+ Kg5 36. Rxh8 Rxh8 37. Rh1 Rxh1 38. Kxh1 Bd6 39. Bc8 b6 40. Kg2 Nf3 41. Kf2 Nh4 42. Ne3 g3+ 43. Kf1 Nf3 44. Ng2 Nd2+ 45. Ke2 Nc4 46. b3 Na5 47. Kf3 f5 48. Be6 f4 49. Bd5 b5 50. b4 Nc4 51. Bxc4 bxc4 52. a4 Kf6 53. Nh4 Ke7 54. a5 Kd7 55. Nf5 Bc7 56. Ng7 Kc6 57. Ne8 Bb8 58. Nf6 a6 59. Ne4 Kd5 60. Nc5 g2 61. Kxg2 Kc6 62. Kf3 Kb5 63. Nd7 Bc7 64. Ne5 Ka4 65. Nxc4 Kb3 66. Ne5 Kxc3 67. Ke4 Kxb4 68. Nd3+ Kxa5 69. Ne5 0-1

[Event "Polish University-ch Women 2024"]
[Site "Lublin"]
[Date "2024.02.23"]
[Round "4.1"]
[White "Czarniecka, Aleksandra"]
[Black "Sliwicka, Alicja"]
[Result "0-1"]
[ECO "B67"]
[WhiteElo "1961"]
[BlackElo "2309"]
[Annotator "RC"]
[PlyCount "168"]
[EventDate "2024.02.22"]
[EventType "swiss"]
[EventCountry "POL"]
[SourceTitle "playchess.com"]
[Source "ChessBase"]
[SourceQuality "1"]
[TimeControl "600+3"]

1. e4 c5 2. Nf3 d6 3. d4 cxd4 4. Nxd4 Nf6 5. Nc3 Bd7 6. Bg5 e6 7. Qd2 a6 8. f4 h6 9. Bxf6 Qxf6 10. O-O-O Nc6 11. Nf3 Qd8 12. Bd3 Qc7 13. f5 O-O-O 14. Kb1 Be7 15. Qf2 Qa5 16. Nd2 Qc5 17. Qxc5 dxc5 18. Nc4 Kc7 19. Rhf1 b5 20. Ne3 Bf6 21. fxe6 fxe6 22. Ng4 Bxc3 23. bxc3 h5 24. Ne3 Ne5 25. Be2 Bc6 26. Rxd8 Kxd8 27. Bf3 Ke7 28. Nd1 Rf8 29. Rf2 g6 30. Kc1 Nc4 31. Re2 Rf4 32. Nb2 Nxb2 33. Kxb2 Rf8 34. Rd2 Rc8 35. a3 Kf6 36. Kb3 Ke5 37. c4 Rb8 38. cxb5 Rxb5+ 39. Kc4 Ra5 40. h3 Ba4 41. Kc3 Bb5 42. Kb2 Ra4 43. Rd8 Rd4 44. Rc8 Kd6 45. Rd8+ Ke7 46. Rg8 Kf6 47. Rf8+ Kg7 48. Rc8 c4 49. Rc7+ Kf6 50. Kc3 Rd6 51. Rc8 Ke5 52. Rg8 Kf6 53. Rf8+ Ke7 54. Rg8 Kf7 55. Rc8 Rd7 56. Rh8 Kf6 57. Rf8+ Kg5 58. Rc8 Kf4 59. a4 Bxa4 60. Rxc4 Bb5 61. Rc8 Ke3 62. Kb3 Rb7 63. Kc3 a5 64. Ra8 a4 65. e5 Rc7+ 66. Kb4 Bd7 67. c4 Kd4 68. Be2 Kxe5 69. c5 Kd4 70. Ra5 Bc6 71. Bf3 Rb7+ 72. Ka3 Rc7 73. Bxc6 Rxc6 74. Rxa4+ Kxc5 75. Kb3 Kd5 76. Ra8 e5 77. Rd8+ Ke4 78. Re8 Kf4 79. Rf8+ Ke3 80. Re8 e4 81. Kb2 Kd3 82. Rd8+ Ke2 83. Ra8 e3 84. Ra1 Kf2 0-1